 Dungeon Crawl Stone Soup version 0.30.1-1-g62c8e00024 (webtiles) character file.

Game seed: 2329512194803773479

2774 monsoonserge the Chopper (level 9, -2/133 HPs)
             Began as a Troll Berserker on July 17, 2023.
             Was a High Priest of Trog.
             Succumbed to a killer bee's poison
             ... on level 8 of the Dungeon.
             The game lasted 00:18:05 (5613 turns).

monsoonserge the Chopper (Troll Berserker)          Turns: 5613, Time: 00:18:05

Health: -2/133     AC:  5    Str: 31    XL:     9   Next: 42%
Magic:  8/8        EV: 10    Int:  3    God:    Trog [*****.]
Gold:   312        SH:  0    Dex:  9    Spells: 8/8 levels left

rFire   . . .        a - +0 morningstar
rCold   . . .        (no shield)
rNeg    + . .        J - +0 animal skin
rPois   .            (helmet restricted)
rElec   .            o - +0 cloak
rCorr   +            (gloves unavailable)
SInv    .            (boots unavailable)
Will    .....        (no amulet) Stlth
                     i - ring of positive energy
HPRegen 1.22/turn    t - ring of resist corrosion
MPRegen 0.11/turn

%: no passive effects
@: berserking, lethally poisoned (-2 -> -38), very quick
A: large, unfitting armour, claws 3, regeneration 1, shaggy fur 1, tough skin 1
a: Renounce Religion, Berserk, Trog's Hand, Brothers in Arms


You were on level 8 of the Dungeon.
You worshipped Trog.
Trog was extremely pleased with you.
You visited 2 branches of the dungeon, and saw 9 of its levels.
You also visited: Ossuary.

You collected 312 gold pieces.

Inventory:

Hand Weapons
 a - a +0 morningstar (weapon)
 b - the +7 shortbow "Utaazi" {heavy, rC+ Str+4 Dex+6 SInv}
   (You found it on level 8 of the Dungeon)

   Str:       It affects your strength (+4).
   Dex:       It affects your dexterity (+6).
   rC:        It protects you from cold.
   SInv:      It lets you see invisible.
 d - a +0 hand axe of flaming
 F - a +1 hand axe of freezing
 G - a +6 hand axe
Missiles
 w - 10 poisoned darts (quivered)
 y - 6 curare-tipped darts
Armour
 o - a +0 cloak (worn)
 J - a +0 animal skin (worn)
Jewellery
 i - a ring of positive energy (left claw)
 t - a ring of resist corrosion (right claw)
Wands
 s - a wand of mindburst (2)
 H - a wand of charming (22)
Scrolls
 c - 7 scrolls of teleportation {unknown}
 e - 4 scrolls of noise {unknown}
 h - 6 scrolls of identify {unknown}
 l - a scroll of enchant weapon {unknown}
 n - a scroll of fear {unknown}
 p - 5 scrolls of immolation {unknown}
 q - 3 scrolls of amnesia {unknown}
 v - 2 scrolls of enchant armour {unknown}
 B - a scroll of torment {unknown}
 C - 2 scrolls of magic mapping {unknown}
 D - 3 scrolls of poison {unknown}
 E - a scroll of acquirement {unknown}
Potions
 f - a potion of brilliance {unknown}
 g - 3 potions of curing {unknown}
 j - 4 potions of heal wounds {unknown}
 k - 4 potions of ambrosia {unknown}
 m - 4 potions of might {unknown}
 r - 4 potions of flight {unknown}
 u - 3 potions of degeneration {unknown}
 x - 2 potions of attraction {unknown}
 z - 2 potions of lignification {unknown}
 A - 3 potions of berserk rage {unknown}
 I - a potion of magic {unknown}
 K - a potion of mutation {unknown}


   Skills:
 + Level 6.2 Fighting
 - Level 6.2(7.1) Axes
 + Level 5.6(7.2) Maces & Flails
 + Level 0.2 Ranged Weapons
 + Level 2.2 Throwing
 + Level 3.6 Dodging
 + Level 1.5 Stealth
 + Level 1.7 Evocations


You had 8 spell levels left.
You didn't know any spells.
Your spell library contained the following spells:

 Spells                   Type           Power      Damage    Failure   Level
 Kiss of Death            Conj/Necr      0%         2d5       52%         1
 Confusing Touch          Hex            0%         N/A       88%         3
 Stone Arrow              Conj/Erth      0%         3d7       88%         3
 Tukima's Dance           Hex            0%         N/A       88%         3
 Volatile Blastmotes      Fire/Tloc      0%         2d10      88%         3
 Animate Armour           Summ/Erth      0%         N/A       99%         4
 Dispel Undead            Necr           0%         3d6       99%         4
 Fulminant Prism          Conj/Hex       0%         3d5       99%         4
 Iskenderun's Mystic Bla  Conj/Tloc      0%         2d3       99%         4
 Passage of Golubria      Tloc           0%         N/A       99%         4
 Lee's Rapid Deconstruct  Erth           0%         3d4*      100%        5
 Yara's Violent Unravell  Hex/Tmut       0%         3d3       100%        5
 Simulacrum               Ice/Necr       0%         N/A       100%        6
 Ozocubu's Refrigeration  Ice            0%         4d7       100%        7
 Lehudib's Crystal Spear  Conj/Erth      0%         10d2      100%        8
 Polar Vortex             Ice            0%         N/A       100%        9


Dungeon Overview and Level Annotations

Branches:
Dungeon (8/15)             Temple (1/1) D:5         Ossuary (visited)
   Lair: D:8-11

Altars:
Ashenzari
Cheibriados
Dithmenos
Elyvilon
Fedhas
Gozag
Hepliaklqana
Kikubaaqudgha
Makhleb
Nemelex Xobeh
Okawaru
Qazlal
Ru
Sif Muna
Trog
Uskayaw
Vehumet
Wu Jian
Xom
Yredelemnul
Zin
The Shining One

Shops:
D:5 *   D:6 (

Annotations:
D:6 1 runed translucent door


Innate Abilities, Weirdness & Mutations

You are too large for most types of armour.
You have claws for hands.
Your natural rate of healing is unusually fast.
You are covered in fur. (AC +1)
You have tough skin. (AC +1)


Message History

You feel very sick.
The killer bee closely misses you. x2; The killer bee barely misses you. x2
The killer bee stings you but does no damage.
The killer bee stings you.
Unknown command.
You closely miss the killer bee.
The killer bee is severely wounded.
You feel sick. The killer bee stings you. x2
You are more poisoned.
The killer bee poisons you! The killer bee stings you.
* * * LOW HITPOINT WARNING * * *
You are more poisoned.
The killer bee poisons you! The killer bee barely misses you. x2
The killer bee stings you.
* * * LOW HITPOINT WARNING * * *
You barely miss the killer bee.
The killer bee is severely wounded.
You feel very sick. The killer bee stings you.
* * * LOW HITPOINT WARNING * * *
The killer bee stings you.
* * * LOW HITPOINT WARNING * * *
You are lethally poisoned!
The killer bee poisons you! The killer bee closely misses you.
You barely miss the killer bee.
The killer bee is severely wounded.
* * * LOW HITPOINT WARNING * * *
You feel very sick.
The killer bee stings you but does no damage. x2
The killer bee misses you. The killer bee barely misses you.
The killer bee stings you.
* * * LOW HITPOINT WARNING * * *
You are more poisoned.
The killer bee poisons you! The killer bee stings you.
* * * LOW HITPOINT WARNING * * *
You are more poisoned.
The killer bee poisons you!
You barely miss the killer bee.
The killer bee is severely wounded.
You die...

##..#...#.# ######.###
#.......#.# #...#
#.......#.###### ###.##
#............... #..###
##.............. ##(..#
#.#............#######.#
#.#............#.)...))#
##########.#....yy......#.).....'
................@y......#.......#
##########.#####........#.......#
##########.### ##########.......#
.>...........# #.......#
############.# #####...))..#
#..........########.......)####
#.......##.##..................
#######.#..................)###
#.#..##.#####.........#


You could see 3 killer bees.

Vanquished Creatures
  A steam dragon (D:6)
  Menkaure (D:7)
  An orc warrior (D:6)
  2 sky beasts
  An ice beast (D:5)
  2 ogres (D:5)
  2 centaurs
  A phantom (D:4)
  An elf zombie (Ossuary)
  3 bullfrogs (D:7)
  A kobold brigand (D:5)
  3 scorpions
  7 wights
  2 centaur zombies (Ossuary)
  An orc priest (D:6)
  3 hounds
  A human zombie (Ossuary)
  A jelly (D:5)
  A gnoll bouda (D:7)
  2 iguanas
  8 orc wizards
  2 mummies (Ossuary)
  5 gnolls (D:7)
  13 adders
  4 white imps
  2 ufetubi (D:6)
  2 adder zombies (Ossuary)
  2 dart slugs (D:3)
  23 orcs
  7 endoplasms
  4 giant cockroaches
  5 goblins
  3 hobgoblins
  4 jackals
  10 kobolds
  2 quokkas (D:1)
  4 ball pythons
  2 bats
  4 frilled lizards
  8 hobgoblin zombies (Ossuary)
  A jackal zombie (Ossuary)
  10 kobold zombies (Ossuary)
  11 orc zombies (Ossuary)
  7 rats
  A rat zombie (Ossuary)
181 creatures vanquished.

Vanquished Creatures (others)
  An orc wizard (D:6)
  2 orcs (D:6)
3 creatures vanquished.

Grand Total: 184 creatures vanquished

Notes
Turn   | Place    | Note
-------+----------+-------------------------------------------
     0 | D:1      | monsoonserge the Troll Berserker began the quest for the
                  | Orb.
     0 | D:1      | Reached XP level 1. HP: 22/22 MP: 0/0
   356 | D:1      | Reached XP level 2. HP: 29/29 MP: 1/1
   769 | D:2      | Found a faded altar of an unknown god.
   947 | D:2      | Reached XP level 3. HP: 36/36 MP: 2/2
   959 | D:2      | You fall into a shaft and drop 2 floors!
  1101 | D:2      | Reached ** piety under Trog
  1298 | D:3      | Reached skill level 1 in Axes
  1367 | D:3      | Reached XP level 4. HP: 44/44 MP: 3/3
  1675 | D:4      | Found a sparkling altar of Nemelex Xobeh.
  1764 | D:4      | Noticed a phantom
  1780 | D:4      | Killed a phantom
  1781 | D:4      | Reached XP level 5. HP: 53/53 MP: 4/4
  1968 | D:4      | Reached XP level 6. HP: 58/61 MP: 5/5
  2590 | D:5      | Entered Level 5 of the Dungeon
  2599 | D:5      | Reached *** piety under Trog
  2628 | D:5      | Noticed an ice beast
  2645 | D:5      | Killed an ice beast
  2706 | D:5      | Reached XP level 7. HP: 60/68 MP: 6/6
  2731 | D:5      | Reached skill level 1 in Stealth
  2760 | D:5      | Found a staircase to the Ecumenical Temple.
  2763 | D:5      | Found a sand-covered staircase.
  2785 | Ossuary  | Entered an ossuary
  2909 | Ossuary  | Reached **** piety under Trog
  3075 | Ossuary  | Reached skill level 5 in Axes
  3096 | Temple   | Entered the Ecumenical Temple
  3312 | D:5      | Found Kaus Cao's Lightly-Used Armoury.
  3505 | D:5      | Reached skill level 1 in Throwing
  3505 | D:5      | Reached XP level 8. HP: 43/79 MP: 7/7
  3725 | D:6      | Found Lasis's Antique Weapon Shoppe.
  3804 | D:6      | Reached skill level 1 in Evocations
  4020 | D:6      | Found a runed translucent door.
  4235 | D:6      | Reached skill level 5 in Fighting
  4683 | D:7      | Reached XP level 9. HP: 61/88 MP: 8/8
  4798 | D:7      | Noticed Menkaure
  4804 | D:7      | Killed Menkaure
  4921 | D:7      | Reached skill level 5 in Maces & Flails
  5219 | D:8      | Identified the +7 shortbow "Utaazi" {heavy, rC+ Str+4 Dex+6
                  | SInv}
  5355 | D:8      | Reached ***** piety under Trog
  5612 | D:8      | HP: 5/133 [killer bee (5)]
  5613 | D:8      | Succumbed to a killer bee's poison

Illustrated notes

Levels and vault maps discovered:
D:1:      mushboom_english_gardens, layout_basic
D:2:      layout_rooms, ebering_ecumenical_altar_abandoned
D:3:      layout_rooms, minmay_cupped
D:4:      layout_basic, nemelex_dance_club_becter, corner_web_ring
D:5:      layout_rooms, minmay_temple_entry_drinking_statues, enter_ossuary_3,
          minmay_shop_damaged, nicolae_nh_ransacked_shop
D:6:      layout_rooms, serial_shops, shop, lightli_church_of_beogh
D:7:      layout_cave_pools, uniq_menkaure
D:8:      layout_basic, grunt_livestock
Temple:   kilobyte_greek_temple

Skill      XL: |  1  2  3  4  5  6  7  8  9 |
---------------+----------------------------+-----
Maces & Flails | 3 4 5 |  5.6
Dodging        | 3 |  3.6
Axes           | 1 2 3 4 5 6 |  6.2
Fighting       | 3 4 5 6 |  6.2
Stealth        | 1 |  1.5
Throwing       | 1 2 |  2.2
Evocations     | 1 |  1.7
Ranged Weapons | |  0.2

Action                     |  1- 3 |  4- 6 |  7- 9 || total
---------------------------+-------+-------+-------++-------
  Melee: Hand axe          |    96 |   121 |   231 ||   448
         Mace              |    10 |       |       ||    10
         Punch             |     1 |     3 |     9 ||    13
         Flail             |       |       |    75 ||    75
         Morningstar       |       |       |   130 ||   130
   Fire: Shortbow          |       |       |    12 ||    12
  Throw: Dart              |       |       |     5 ||     5
 Invoke: Berserk           |       |     2 |     4 ||     6
         Trog's Hand       |       |     1 |       ||     1
   Stab: Sleeping          |       |     1 |     1 ||     2
 Armour: Animal skin       |    37 |    35 |   147 ||   219
  Dodge: Dodged            |    74 |    51 |   231 ||   356
